 Dungeon Sprint DCSS version 0.29-a0-923-g6e406bff71 (webtiles) character file.

Game seed: 264734611602407789

1421 rocky1 the Spear-Bearer (level 8, -4/70 HPs)
             Began as a Merfolk Gladiator on July 28, 2022.
             Was a Priest of Okawaru.
             Slain by an orc warrior
             ... wielding a +0 long sword
             ... led by an orc knight
              (10 damage)
             ... in the Dungeon (Sprint VII: "The Pits").
             The game lasted 00:04:55 (849 turns).

rocky1 the Spear-Bearer (Merfolk Gladiator)          Turns: 849, Time: 00:04:56

Health: -4/70      AC: 14    Str: 16    XL:     8   Next: 72%
Magic:  11/14      EV: 17    Int:  8    God:    Okawaru [***...]
Gold:   0          SH:  0    Dex: 15    Spells: 7/7 levels left

rFire   . . .      SeeInvis .   a - +0 glaive
rCold   . . .      Faith    .   (shield currently unavailable)
rNeg    . . .      Spirit   .   o - +3 scale mail
rPois   .          Reflect  .   c - +0 helmet
rElec   .          Harm     .   b - +0 cloak
rCorr   .          Rampage  .   (no gloves)
Will    .....      NoTele   +   (no boots)
Stlth   ++........              (no amulet)
HPRegen 0.21/turn               (no ring)
MPRegen 0.14/turn               (no ring)

@: heroic, on berserk cooldown, slowed, very slow
A: (nimble swimmer 2), mertail
a: Renounce Religion, Heroism


You were in the Dungeon.
You worshipped Okawaru.
Okawaru was most pleased with you.
You visited 1 branch

Inventory:

Hand Weapons
 a - a +0 glaive (weapon)
 p - a +2 trident
Missiles
 d - 3 throwing nets (quivered)
 e - a javelin
Armour
 b - a +0 cloak (worn)
 c - a +0 helmet (worn)
 o - a +3 scale mail (worn)
Wands
 n - a wand of quicksilver (5)
Scrolls
 k - a scroll of blinking
 m - 5 scrolls of amnesia
Potions
 f - 6 potions of curing
 g - 6 potions of heal wounds
 h - a potion of haste
 i - 4 potions of magic
 l - 2 potions of invisibility


   Skills:
 + Level 8.8(13.8) Fighting
 + Level 14.2(19.2) Polearms
 - Level 2.2(7.2) Throwing
 + Level 5.7(10.7) Armour
 + Level 11.2(16.2) Dodging
 + Level 8.3 Invocations


You had 7 spell levels left.
You didn't know any spells.
Your spell library was empty.

Dungeon Overview and Level Annotations

Branches:
Dungeon (1/1)

Altars:
Ashenzari
Cheibriados
Dithmenos
Elyvilon
Fedhas
Gozag
Hepliaklqana
Kikubaaqudgha
Makhleb
Nemelex Xobeh
Okawaru
Qazlal
Ru
Sif Muna
Trog
Uskayaw
Vehumet
Wu Jian
Xom
Yredelemnul
Zin
The Shining One
Jiyva
Lugonu


Innate Abilities, Weirdness & Mutations

((You are very nimble when in or above water. (Stealth+, EV+, Speed+++)))
Your lower body shifts to a powerful aquatic tail in water.


Message History

Okawaru is honoured by your kill.
Okawaru will now gift you ammunition as you gain piety.
The orc warrior hits you but does no damage.
The kobold demonologist mumbles some strange words.
Your base Fighting skill increases to level 8!
Your base Polearms skill increases to level 14!
Your base Dodging skill increases to level 11!
Your Invocations skill increases to level 8!
You hit the orc warrior.
The orc warrior is lightly wounded.
Unknown command.
You slice the orc warrior!!
The orc warrior is almost dead.
The quasit bites you but does no damage.
The quasit barely misses you. The quasit completely misses you.
The orc warrior closely misses you.
The orc warrior hits you with a +0 scimitar!
* * * LOW HITPOINT WARNING * * *
You hit the orc warrior but do no damage.
The orc warrior is almost dead.
The quasit bites you but does no damage.
The quasit misses you. The quasit completely misses you.
You slice the orc warrior!!
You kill the orc warrior!
Okawaru accepts your kill.
The orc warrior hits you but does no damage.
The kobold demonologist gestures wildly while chanting.
The quasit closely misses you. x2
The quasit claws you but does no damage.
You hit the orc warrior.
The orc warrior is moderately wounded.
The white imp disappears in a puff of smoke!
You hit the orc warrior.
The orc warrior is heavily wounded.
You are no longer berserk.
You are exhausted.
You feel yourself slow down.
The quasit disappears in a puff of smoke!
The orc warrior hits you with a +0 long sword!
You die...

#.##'#..[..##...<...#
#)#........##.......#
#)#........##.......#
#)###########.......#
#..#.#.##.. #########
#.......#.# ###
##.#.#.##.# 5..#
#.......#o#o.5.#
##.#.#.##@K.o..+
#.......#5#4..§#
##.#.#..).# .§§#
########## ###


You could see a kobold demonologist, a chaos spawn (summoned), 2 orc warriors, a
quasit (summoned), a crimson imp (summoned), a white imp (summoned) and an orc.

Vanquished Creatures
  An orc knight (D)
  Grinder (D)
  A basilisk (D)
  Duvessa (D)
  An orc warrior (D)
  Blork the orc (D)
  2 kobold brigands (D)
  A scorpion (D)
  A gnoll sergeant (D)
  Dowan (D)
  Crazy Yiuf (D)
  3 gnolls (D)
  An adder (D)
  An ufetubus (D)
  An adder skeleton (D)
  4 orcs (D)
  A goblin (D)
  A hobgoblin (D)
  3 jackals (D)
  A kobold (D)
  A frilled lizard (D)
29 creatures vanquished.

Notes
Turn   | Place    | Note
-------+----------+-------------------------------------------
     0 | D        | rocky1 the Merfolk Gladiator began the quest for the Orb.
     0 | D        | Reached XP level 1. HP: 16/16 MP: 1/1
    25 | D        | Reached skill level 5 in Polearms
    59 | D        | Found a bloodstained altar of Trog.
    59 | D        | Found a shimmering blue altar of Sif Muna.
    59 | D        | Found a viscous altar of Jiyva.
    59 | D        | Found a hazy altar of Hepliaklqana.
    59 | D        | Found an opulent altar of Gozag.
    60 | D        | Found a glowing golden altar of the Shining One.
    60 | D        | Found a glowing silver altar of Zin.
    60 | D        | Found a basalt altar of Yredelemnul.
    60 | D        | Found a shimmering altar of Xom.
    60 | D        | Found an ornate altar of the Wu Jian Council.
    60 | D        | Found a sacrificial altar of Ru.
    60 | D        | Found a stormy altar of Qazlal.
    60 | D        | Found an iron altar of Okawaru.
    60 | D        | Found a sparkling altar of Nemelex Xobeh.
    60 | D        | Found a burning altar of Makhleb.
    60 | D        | Found a blossoming altar of Fedhas.
    60 | D        | Found a white marble altar of Elyvilon.
    60 | D        | Found a shadowy altar of Dithmenos.
    60 | D        | Found a snail-covered altar of Cheibriados.
   108 | D        | Found a corrupted altar of Lugonu.
   108 | D        | Found a radiant altar of Vehumet.
   109 | D        | Found an ancient bone altar of Kikubaaqudgha.
   109 | D        | Found a hide-covered altar of Uskayaw.
   109 | D        | Found a broken altar of Ashenzari.
   113 | D        | Became a worshipper of Warmaster Okawaru
   131 | D        | Reached XP level 2. HP: 22/23 MP: 2/2
   131 | D        | Noticed a scorpion
   136 | D        | Killed a scorpion
   137 | D        | Reached skill level 10 in Polearms
   137 | D        | Reached XP level 3. HP: 28/28 MP: 3/3
   137 | D        | Reached XP level 4. HP: 34/34 MP: 4/4
   183 | D        | Noticed Blork the orc
   187 | D        | Reached skill level 5 in Dodging
   195 | D        | Killed Blork the orc
   195 | D        | Reached * piety under Okawaru
   196 | D        | Reached skill level 11 in Polearms
   196 | D        | Reached skill level 1 in Armour
   196 | D        | Reached XP level 5. HP: 42/42 MP: 4/7
   305 | D        | Noticed Crazy Yiuf
   307 | D        | Noticed a kobold brigand
   311 | D        | Killed Crazy Yiuf
   319 | D        | Reached skill level 5 in Fighting
   319 | D        | Reached XP level 6. HP: 51/51 MP: 5/9
   333 | D        | Reached skill level 12 in Polearms
   333 | D        | Reached skill level 5 in Invocations
   354 | D        | Noticed Grinder
   374 | D        | Killed Grinder
   374 | D        | Reached ** piety under Okawaru
   375 | D        | Reached XP level 7. HP: 38/59 MP: 9/11
   496 | D        | Noticed a basilisk
   513 | D        | Killed a basilisk
   514 | D        | Reached skill level 13 in Polearms
   805 | D        | Noticed Duvessa
   805 | D        | Noticed Dowan
   817 | D        | Killed Dowan
   818 | D        | Reached skill level 10 in Dodging
   822 | D        | Killed Duvessa
   823 | D        | Reached skill level 5 in Armour
   823 | D        | Reached XP level 8. HP: 52/68 MP: 11/13
   828 | D        | Noticed a kobold demonologist
   828 | D        | Noticed an orc knight
   843 | D        | Killed an orc knight
   843 | D        | Reached *** piety under Okawaru
   844 | D        | Reached skill level 14 in Polearms
   844 | D        | Noticed a red devil
   849 | D        | Slain by an orc warrior

Illustrated notes

Levels and vault maps discovered:
D:        pitsprint [storerooms_1, entrance_room_1, metal_vault_3, armoury_2,
          mini_pit_1, grid_room_1, main_hall_1, silver_pit, the_coven_2,
          the_vestibule_1, steel_vault_2, golden_pit, hallway_of_sentries,
          crystal_vault_4, iron_vault_1, final_vault]

Skill      XL: |  1  2  3  4  5  6  7  8 |
---------------+-------------------------+-----
Polearms       | 5 10 11 12 13 14 | 14.2
Dodging        | 6 7 9 10 11 | 11.2
Fighting       | 4 5 6 7 8 |  8.8
Armour         | 1 2 4 5 |  5.7
Invocations    | 2 4 6 7 8 |  8.3
Throwing       | |  2.2

Action                   |  1- 3 |  4- 6 |  7- 9 || total
-------------------------+-------+-------+-------++-------
Melee: Trident           |    12 |    21 |       ||    33
       Glaive            |       |    32 |    46 ||    78
Invok: Heroism           |       |     1 |     2 ||     3
  Use: Potion            |     1 |     1 |     2 ||     4
 Stab: Sleeping          |       |     1 |       ||     1
Armor: Leather armour    |     9 |     4 |       ||    13
       Scale mail        |       |     7 |    18 ||    25
Dodge: Dodged            |    13 |    14 |    30 ||    57

Table legend: (Time is in decaauts)
 A = Elapsed time spent in this place.
 B = Non-inter-level travel time spent in this place.
 C = Inter-level travel time spent in this place.
 D = Time resting spent in this place.
 E = Time spent auto-exploring this place.
 F = Levels seen in this place.
 G = Mean time per level.
                   A        B        C        D        E       F      G
               +--------+--------+--------+--------+--------+-----+--------+
         Total |    848 |    832 |     16 |    522 |      0 |   1 |  848.0 |
       Dungeon |    848 |    832 |     16 |    522 |      0 |   1 |  848.0 |
               +--------+--------+--------+--------+--------+-----+--------+

Top non-repeatable levels by time:
       D: 848 daAuts
